 Dungeon Crawl Stone Soup version 0.26.1-11-gd32895ea62 (webtiles) character file.

Game seed: 18225593991975320554

364 Gwenloh the Spear-Bearer (level 6, -8/44 HPs)
             Began as a Merfolk Gladiator on May 30, 2021.
             Mangled by Pikel
             ... wielding a +1 whip of electrocution
              (14 damage)
             ... on level 4 of the Dungeon.
             The game lasted 00:15:34 (4341 turns).

Gwenloh the Spear-Bearer (Merfolk Gladiator)        Turns: 4341, Time: 00:15:35

Health: -8/44      AC:  8    Str: 13 (14) XL:     6   Next: 67%
Magic:  6/6        EV: 16    Int:  7 (8)  God:
Gold:   208        SH:  0    Dex: 16 (17) Spells: 5/5 levels left

rFire    . . .     SeeInvis .   a - +1 trident
rCold    . . .     Faith    .   (no shield)
rNeg     + . .     Spirit   .   g - +1 leather armour {rPois}
rPois    +         Reflect  .   r - +2 helmet
rElec    .         Harm     .   c - scarf {+Inv}
rCorr    .         Rampage  .   s - +0 pair of gloves
Will     .....                  (no boots)
Stlth    +.........             (no amulet)
HPRegen  0.14/turn              t - ring of positive energy
MPRegen  0.10/turn              (no ring)

@: no status effects
A: change form in water, swift swim, stealthy swim
a: Evoke Invisibility


You were on level 4 of the Dungeon.
You visited 1 branch of the dungeon, and saw 4 of its levels.

You collected 208 gold pieces.

Inventory:

Hand Weapons
 a - a +1 trident (weapon)
Missiles
 d - 3 throwing nets
 h - 97 stones
 v - 3 silver boomerangs
 w - 7 poisoned darts (quivered)
Armour
 c - a scarf of invisibility (worn)
 g - a +1 leather armour of poison resistance (worn)
 r - a +2 helmet (worn)
 s - a +0 pair of gloves (worn)
Jewellery
 t - a ring of positive energy (left hand)
Wands
 l - a wand of paralysis (7)
Scrolls
 e - 4 scrolls of teleportation
 f - a scroll of immolation {unknown}
 o - a scroll of remove curse {unknown}
 u - 2 scrolls of magic mapping
Potions
 j - a potion of lignification {unknown}
 k - a potion of haste {unknown}
 m - a potion of attraction {unknown}
 q - 2 potions of mutation {unknown}


   Skills:
 - Level 2.2 Fighting
 * Level 9.0 Polearms
 - Level 2.0 Throwing
 + Level 6.3 Dodging


You had 5 spell levels left.
You didn't know any spells.
Your spell library was empty.

Dungeon Overview and Level Annotations

Branches:
Dungeon (4/15)
 Temple: D:4-7

Altars:
Fedhas
Ru

Annotations:
D:4 Menkaure, Pikel


Message History

You are electrocuted!!
* * * LOW HITPOINT WARNING * * *
You puncture Pikel!
Pikel is heavily wounded.
The leopard gecko bites you but does no damage.
Pikel barely misses you.
You closely miss Pikel.
Pikel is heavily wounded.
The leopard gecko misses you.
An orc wizard comes into view.
It is wielding a +2 dagger of holy wrath.
Pikel hits you but does no damage.
You closely miss Pikel.
Pikel is heavily wounded.
The leopard gecko closely misses you.
You barely miss Pikel.
Pikel is heavily wounded.
Pikel hits you with a +1 whip of electrocution.
* * * LOW HITPOINT WARNING * * *
You are electrocuted!
You die...

. ##.##.####. .
#.......... #.
#...#.#### #≈###..#...#
#.....##...#
#.#...##...# #...##...#
#_#.lK#....####
#...$@##......#
#≈≈≈≈..#......#
#...≈..#......#
......≈..#......######
#...≈≈≈≈.............###
......≈[......#.####.#..
##
......≈.....#.#...##.#.#
.####
....#.......#.###.##.#.#
.....
#..[#####.#...##.#..


You could see Pikel and a leopard gecko.

Vanquished Creatures
  4 lemures
  A howler monkey (D:3)
  An orc wizard (D:3)
  An orc priest (D:4)
  Jessica (D:2)
  Ijyb (D:3)
  Natasha (twice) (D:4)
  Robin (D:3)
  A gnoll (D:1)
  An adder (D:2)
  An ooze (D:4)
  5 worms
  3 dart slugs
  3 leopard geckos
  8 orcs
  9 bats
  3 giant cockroaches
  19 goblins
  13 hobgoblins
  8 jackals (D:1)
  A quokka (D:4)
  A ball python (D:3)
  5 frilled lizards
  11 kobolds
  3 rats
107 creatures vanquished.

Notes
Turn   | Place    | Note
-------+----------+-------------------------------------------
     0 | D:1      | Gwenloh the Merfolk Gladiator began the quest for the Orb.
     0 | D:1      | Reached XP level 1. HP: 16/16 MP: 1/1
    53 | D:1      | Reached XP level 2. HP: 10/22 MP: 2/2
   233 | D:1      | Reached skill level 5 in Polearms
   439 | D:1      | Reached XP level 3. HP: 13/27 MP: 3/3
   829 | D:1      | Reached skill level 6 in Polearms
   963 | D:1      | Reached XP level 4. HP: 30/33 MP: 4/4
  1340 | D:2      | Noticed Jessica
  1376 | D:2      | Killed Jessica
  1377 | D:2      | Reached skill level 5 in Dodging
  1405 | D:2      | Found a blossoming altar of Fedhas.
  1965 | D:3      | Reached skill level 7 in Polearms
  1975 | D:3      | Reached XP level 5. HP: 21/38 MP: 5/5
  2302 | D:3      | Noticed Robin
  2309 | D:3      | Killed Robin
  2529 | D:3      | Noticed Ijyb
  2866 | D:3      | Reached skill level 8 in Polearms
  2951 | D:4      | Noticed Natasha
  2977 | D:3      | Paralysed by Ijyb for 2 turns
  2985 | D:3      | Paralysed by Ijyb for 3 turns
  2993 | D:3      | Killed Ijyb
  2994 | D:3      | Reached XP level 6. HP: 35/44 MP: 6/6
  3613 | D:4      | Killed Natasha
  3619 | D:4      | Noticed Pikel
  3700 | D:4      | Noticed Menkaure
  4263 | D:4      | Noticed Natasha
  4316 | D:4      | Killed Natasha
  4317 | D:4      | Reached skill level 9 in Polearms
  4328 | D:4      | Found a sacrificial altar of Ru.
  4341 | D:4      | Mangled by Pikel

Illustrated notes

Levels and vault maps discovered:
D:1:      dpeg_arrival_rooms_a, layout_rooms
D:2:      layout_basic, old_standard_altar, serial_glass, glass_columns_a,
          glass_columns_a, uniq_jessica
D:3:      layout_basic, portal_sewer_entry_f, uniq_robin, uniq_ijyb
D:4:      layout_basic, hangedman_ru_absence, uniq_pikel, uniq_natasha,
          uniq_menkaure

Skill      XL: |  1  2  3  4  5  6 |
---------------+-------------------+-----
Polearms       | 5 6 7 8 9 |  9.0
Dodging        | 5 6 |  6.3
Fighting       | |  2.2
Throwing       | |  2.0

Action                   |  1- 3 |  4- 6 || total
-------------------------+-------+-------++-------
Melee: Trident           |   130 |   306 ||   436
Throw: Stone             |     4 |    14 ||    18
       Boomerang         |       |     2 ||     2
       Dart              |       |    15 ||    15
  Use: Scroll            |       |     7 ||     7
       Potion            |       |     3 ||     3
 Stab: Distracted        |     1 |       ||     1
       Sleeping          |       |     1 ||     1
Armor: Leather armour    |    27 |    40 ||    67
Dodge: Dodged            |    79 |   133 ||   212
